 Dungeon Crawl Stone Soup version 0.26.0-3-g156281e41b (webtiles) character file.

Game seed: 12481615462278744900

49 Descartes the Skirmisher (level 4, -1/37 HPs)
             Began as a Formicid Abyssal Knight on Jan 9, 2021.
             Was a Follower of Lugonu.
             Slain by a bullfrog zombie (4 damage)
             ... on level 2 of the Dungeon.
             The game lasted 00:02:19 (1182 turns).

Descartes the Skirmisher (Formicid Abyssal Knight)  Turns: 1182, Time: 00:02:19

Health: -1/37      AC:  3    Str: 16    XL:     4   Next: 1%
Magic:  6/6        EV: 11    Int: 13    God:    Lugonu [*.....]
Gold:   17         SH:  0    Dex: 10    Spells: 3/3 levels left

rFire    . . .     SeeInvis +   a - +1 falchion
rCold    . . .     Faith    .   (no shield)
rNeg     . . .     Spirit   .   b - +0 leather armour
rPois    .         Reflect  .   (helmet unavailable)
rElec    .         Harm     .   (no cloak)
rCorr    .         Rampage  .   (no gloves)
Will     .....                  (no boots)
Stlth    +.........             (no amulet)
HPRegen  0.12/turn              (no ring)
MPRegen  0.10/turn              (no ring)

@: no status effects
A: permanent stasis, dig shafts and tunnels, four strong arms, antennae 3
a: Dig, Shaft Self, Renounce Religion, Depart the Abyss


You were on level 2 of the Dungeon.
You worshipped Lugonu.
Lugonu was aware of your devotion.
You visited 1 branch of the dungeon, and saw 2 of its levels.
You visited the Abyss 1 time.

You collected 17 gold pieces.

Inventory:

Hand Weapons
 a - a +1 falchion (weapon)
Missiles
 d - 24 arrows
 e - 37 bolts
 g - 16 sling bullets
Armour
 b - a +0 leather armour (worn)
Scrolls
 c - 2 scrolls of identify {unknown}
 f - a scroll of magic mapping {unknown}


   Skills:
 + Level 3.9 Fighting
 - Level 2.0 Long Blades
 + Level 3.1 Armour
 - Level 0.8 Dodging
 + Level 3.2 Invocations


You had 3 spell levels left.
You didn't know any spells.
Your spell library was empty.

Dungeon Overview and Level Annotations

Branches:
Dungeon (2/15)

Altars:
Qazlal


Innate Abilities, Weirdness & Mutations

You cannot be hasted, slowed, berserked, paralysed or teleported.
You can dig through walls and to a lower floor.
Your four strong arms can wield two-handed weapons with a shield.
You have a pair of large antennae on your head. (SInv)


Message History

The bullfrog zombie hits you. The adder bites you.
* * * LOW HITPOINT WARNING * * *
The leopard gecko bites you.
* * * LOW HITPOINT WARNING * * *
The bullfrog zombie hits you.
* * * LOW HITPOINT WARNING * * *
The adder barely misses you.
You hit the adder.
You kill the adder!
Lugonu accepts your kill. The leopard gecko bites you.
* * * LOW HITPOINT WARNING * * *
The bullfrog zombie barely misses you.
The leopard gecko bites you but does no damage.
You have reached level 4!
You feel clever.
Unknown command.
You aren't carrying any potions.
The bullfrog zombie hits you.
You die...

.## ...)## ##......#
.!.#....# #.......#
.....?.# #.......#
#.#..<. ##.......# #
###.#<.. #.#.........
#.#......# #.#..#######
#.....l†.# #.#...#
.#....Z?.####.#...###
.......@............####
........<...............
........................
.#.......#.†.......###..
...###.###.####....# ##.
.## §.. #.# #....# ##
#... #.# #....#####
...._ ..# #.........
.#... ### ##########


You could see a bullfrog zombie and a leopard gecko.

Vanquished Creatures
  3 adders (D:2)
  A giant cockroach (D:1)
  2 goblins
  3 hobgoblins (D:1)
  2 jackals (D:1)
  5 bats
  2 frilled lizards
  3 kobolds (D:1)
  A rat (D:1)
22 creatures vanquished.

Vanquished Creatures (others)
  A goblin (D:2)
1 creature vanquished.

Grand Total: 23 creatures vanquished

Notes
Turn   | Place    | Note
-------+----------+-------------------------------------------
     0 | Abyss:1  | Descartes the Formicid Abyssal Knight began the quest for
                  | the Orb.
     0 | Abyss:1  | Reached XP level 1. HP: 18/18 MP: 2/2
    11 | Abyss:2  | Noticed a chaos spawn
    11 | Abyss:2  | Noticed a large abomination
    12 | Abyss:2  | Noticed a large abomination
    13 | D:1      | Escaped the Abyss
   108 | D:1      | Reached * piety under Lugonu
   264 | D:1      | Reached XP level 2. HP: 21/24 MP: 3/3
   570 | D:1      | You fall into a shaft and drop 1 floor!
   618 | D:2      | Reached XP level 3. HP: 22/30 MP: 5/5
  1172 | D:2      | Found a stormy altar of Qazlal.
  1182 | D:2      | Reached XP level 4. HP: 3/37 MP: 6/6
  1182 | D:2      | Slain by a bullfrog zombie

Illustrated notes

Levels and vault maps discovered:
D:1:      dpeg_arrival_windows_large_door, layout_loops_ring
D:2:      minmay_general_purpose_star, layout_rooms, marbit_many_paths,
          grunt_qazlal_clouds, patterned_corridor, uniq_terence

Skill      XL: |  1  2  3 |
---------------+----------+-----
Invocations    | 3 |  3.2
Armour         | 3 |  3.1
Fighting       | |  3.9
Long Blades    | |  2.0
Dodging        | |  0.8

Action                   |  1- 3 |  4- 6 || total
-------------------------+-------+-------++-------
Melee: Falchion          |    74 |       ||    74
Invok: Depart the Abyss  |     1 |       ||     1
Armor: Leather armour    |    17 |       ||    17
Dodge: Dodged            |    71 |       ||    71
       Rpst.: Falchion   |    21 |       ||    21
